 Dungeon Crawl Stone Soup version 0.28-a0-851-g8b9cc49659 (webtiles) character file.

Game seed: 17360657142107844324

6884 willcat the Sneak (level 10, -1/65 (69) HPs)
             Began as a Demigod Enchanter on Nov 14, 2021.
             Slain by a wight (2 damage)
             ... on level 10 of the Dungeon.
             The game lasted 00:21:22 (17374 turns).

willcat the Sneak (Demigod Enchanter)              Turns: 17374, Time: 00:21:22

HP:   -1/65 (69)    AC:  7    Str: 13    XL:     10   Next: 50%
MP:   18/22         EV: 13    Int: 25    God:
Gold: 268           SH:  0    Dex: 14    Spells: 9/20 levels left

rFire   + . .      SeeInvis .   a - +3 dagger (venom)
rCold   . . .      Faith    .   (no shield)
rNeg    . . .      Spirit   .   z - +2 robe {Archmagi}
rPois   +          Reflect  .   (no helmet)
rElec   .          Harm     .   v - +0 cloak
rCorr   .          Rampage  .   l - +1 pair of gloves
Will    +....      Archmagi +   (no boots)
Stlth   +++.......              m - amulet of magic regeneration
HPRegen 0.20/turn               q - ring of poison resistance
MPRegen 0.43/turn               y - ring of protection from fire

@: studying Crossbows, drained
A: high mp 1, forlorn
a: no special abilities


You were on level 10 of the Dungeon.
You visited 1 branch of the dungeon, and saw 10 of its levels.
You also visited: Sewer.

You collected 484 gold pieces.
You spent 216 gold pieces at shops.

Inventory:

Hand Weapons
 a - a +3 dagger of venom (weapon)
 b - a +2 dagger of electrocution
Missiles
 j - 2 throwing nets (quivered)
Armour
 l - a +1 pair of gloves (worn)
 v - a +0 cloak (worn)
 w - the +4 ring mail of the Centipede {-Tele rPois Slay+2}
   (You bought it in a shop on level 1 of the Dungeon)

   Slay:      It affects your accuracy & damage with ranged weapons and melee
   (+2).
   rPois:     It protects you from poison.
   -Tele:     It prevents most forms of teleportation.
 z - a +2 robe of the Archmagi (worn)
 A - +0 steam dragon scales
 F - a +0 kite shield
 G - a +2 robe of cold resistance
Magical Staves
 f - a staff of air
Jewellery
 c - a ring of ice
 m - an amulet of magic regeneration (around neck)
 q - a ring of poison resistance (left hand)
 u - a ring of flight
 y - a ring of protection from fire (right hand)
 E - a ring of see invisible
Wands
 e - a wand of charming (5)
 o - a wand of polymorph (18)
Scrolls
 d - a scroll of fog
 g - 4 scrolls of teleportation
 h - 2 scrolls of blinking
 C - a scroll of holy word {unknown}
 D - a scroll of identify
Potions
 i - 2 potions of brilliance
 k - 2 potions of might {unknown}
 n - a potion of magic {unknown}
 p - a potion of haste
 r - a potion of cancellation {unknown}
 s - a potion of lignification {unknown}
 t - a potion of flight {unknown}
 x - a potion of curing
 B - a potion of mutation {unknown}


   Skills:
 + Level 6.0 Short Blades
 - Level 1.1 Armour
 - Level 4.4 Dodging
 + Level 6.9 Stealth
 + Level 1.8 Shields
 + Level 5.6 Spellcasting
 + Level 5.6 Conjurations
 + Level 6.5 Hexes
 + Level 5.7 Ice Magic


You had 9 spell levels left.
You knew the following spells:

 Your Spells              Type           Power      Damage    Failure   Level
a - Ensorcelled Hibernat  Hex/Ice        100%       N/A       1%          2
b - Dazzling Flash        Conj/Hex       100%       N/A       1%          3
c - Frozen Ramparts       Ice            100%       1d12      2%          3
d - Confusing Touch       Hex            56%        N/A       1%          3

Your spell library contained the following spells:

 Spells                   Type           Power      Damage    Failure   Level
 Magic Dart               Conj           100%       1d8       1%          1
 Tukima's Dance           Hex            56%        N/A       1%          3
 Portal Projectile        Hex/Tloc       68%        N/A       6%          3
 Mephitic Cloud           Conj/Pois/Air  24%        N/A       11%         3
 Call Imp                 Summ           10%        N/A       12%         2
 Leda's Liquefaction      Hex/Erth       17%        N/A       21%         4
 Call Canine Familiar     Summ           10%        N/A       24%         3
 Ice Form                 Ice/Tmut       31%        N/A       24%         4
 Summon Ice Beast         Ice/Summ       31%        N/A       24%         4


Dungeon Overview and Level Annotations

Branches:
Dungeon (10/15)            Temple (0/1) D:6             Orc (0/2) D:9
  Sewer (visited)
   Lair: D:8-11

Shops:
D:1 [!(   D:3 *   D:5 *


Innate Abilities, Weirdness & Mutations

Your attributes grow dramatically as you level up.
You have an increased reservoir of magic. (+10% MP)
You shall have no god before yourself.


Message History

Casting: Ensorcelled Hibernation (safe; 1% risk of failure)
Confirm with . or Enter, or press ? or * to list all spells.
Casting: Frozen Ramparts (dangerous; 2% risk of failure)
Press: ? - help, Dir - look around, f - activate You feel a surge of power!
The walls around you are covered in ice.
The wight completely resists.
The wall freezes the wight but does no damage.
The wall freezes the slime creature!
The slime creature hits you!
Casting: Frozen Ramparts (dangerous; 2% risk of failure)
Confirm with . or Enter, or press ? or * to list all spells.
Casting: Dazzling Flash (safe; 1% risk of failure)
Press: ? - help, Dir - look around, f - activate You feel a surge of power!
The wight resists.
The wall freezes the wight.
The wight hits you from afar with a +0 spear!
You feel drained.
The wall freezes the slime creature!
The slime creature misses you.
You hit the slime creature.
The slime creature is moderately wounded.
The wight resists.
The wall freezes the wight.
The wight hits you from afar with a +0 spear.
* * * LOW HITPOINT WARNING * * *
The wall freezes the slime creature!
The slime creature barely misses you.
Unknown command.
Unknown command.
You hit the slime creature.
The slime creature is heavily wounded.
The wight resists.
The wall freezes the wight.
The wight misses you.
Unknown command.
Your frozen ramparts will break if you move.
Continue?
Okay, then.
Your frozen ramparts will break if you move.
Continue?
The frozen ramparts melt away as you move.
There is a stone staircase leading up here.
The slime creature hits you!
* * * LOW HITPOINT WARNING * * *
The wight hits you from afar with a +0 spear!
* * * LOW HITPOINT WARNING * * *
You feel drained.
You die...

#...#######.#
#.# ### #.##
#.# #..# #.#
##.# .J# #.#
### #)# #z# #J#
#@# #.# #.#
###.#########.#
..y..........)#
###.###########


You could see a slime creature and a wight.

Vanquished Creatures
  Fannar (D:10)
  A hydra (D:9)
  2 dream sheep (D:9)
  Sigmund (D:5)
  3 wyverns
  2 steam dragons
  5 yaks (D:8)
  A vampire mosquito (D:10)
  Edmund (D:5)
  5 water moccasins
  2 orc warriors
  An ice beast (D:8)
  A black bear (D:6)
  A sky beast (D:8)
  An ogre (D:5)
  2 centaurs
  5 bullfrogs
  4 kobold brigands
  A scorpion (D:6)
  5 killer bees (D:9)
  4 wights
  A howler monkey (D:4)
  A bullfrog zombie (D:6)
  A jelly (D:7)
  7 orc priests
  A hound (D:4)
  Crazy Yiuf (D:7)
  2 bullfrog skeletons
  A centaur skeleton (D:7)
  A scorpion zombie (D:5)
  5 iguanas
  10 orc wizards
  2 killer bee zombies
  A hound skeleton (D:4)
  A howler monkey zombie (D:9)
  4 gnolls (D:3)
  A river rat (D:3)
  11 adders
  A white imp (D:5)
  A worm (D:4)
  A dart slug (D:1)
  36 orcs
  18 ball pythons
  18 endoplasms
  15 giant cockroaches
  6 goblins
  6 hobgoblins
  5 jackals (D:1)
  12 kobolds
  12 quokkas
  8 bats
  20 frilled lizards
  7 rats
266 creatures vanquished.

Vanquished Creatures (others)
  2 plants (D:4)
2 creatures vanquished.

Grand Total: 268 creatures vanquished

Notes
Turn   | Place    | Note
-------+----------+-------------------------------------------
     0 | D:1      | willcat the Demigod Enchanter began the quest for the Orb.
     0 | D:1      | Reached XP level 1. HP: 14/14 MP: 5/5
    16 | D:1      | Reached skill level 1 in Short Blades
   372 | D:1      | Reached XP level 2. HP: 18/20 MP: 7/7
   770 | D:1      | Found Amiza's Antique Armour Shoppe.
   811 | D:1      | Found Kopnao's Distillery.
   880 | D:1      | Found Jynlen's Antique Weapon Emporium.
  1445 | D:1      | Reached XP level 3. HP: 26/26 MP: 8/8
  1448 | D:1      | Learned a level 2 spell: Ensorcelled Hibernation
  2496 | D:2      | Learned a level 3 spell: Dazzling Flash
  3159 | D:3      | Found Fyute's General Store.
  3308 | D:3      | Found a glowing drain.
  3318 | Sewer    | Entered a sewer
  3635 | Sewer    | Reached XP level 4. HP: 31/33 MP: 10/10
  3992 | Sewer    | Reached skill level 1 in Ice Magic
  5134 | Sewer    | Reached skill level 1 in Conjurations
  5134 | Sewer    | Reached XP level 5. HP: 23/38 MP: 1/11
  6659 | D:3      | Learned a level 3 spell: Frozen Ramparts
  7128 | D:4      | Reached XP level 6. HP: 45/45 MP: 5/13
  8625 | D:1      | Bought a steaming ring mail for 216 gold pieces
  8625 | D:1      | Identified the +4 ring mail of the Centipede {-Tele rPois
                  | Slay+2} (You bought it in a shop on level 1 of the Dungeon)
  8698 | D:5      | Entered Level 5 of the Dungeon
  8837 | D:5      | Reached XP level 7. HP: 50/50 MP: 12/14
  9151 | D:5      | Found Gibluc's Gadget Gallery.
  9211 | D:5      | Noticed Sigmund
  9260 | D:5      | Killed Sigmund
  9261 | D:5      | Reached skill level 1 in Armour
  9641 | D:5      | Noticed Edmund
  9708 | D:5      | Killed Edmund
 10888 | D:6      | Reached XP level 8. HP: 57/57 MP: 14/16
 10939 | D:6      | Found a staircase to the Ecumenical Temple.
 11162 | D:6      | Reached skill level 5 in Stealth
 11828 | D:7      | Reached skill level 5 in Hexes
 13459 | D:7      | Found a runed translucent door.
 13460 | D:7      | Noticed Crazy Yiuf
 13615 | D:7      | Killed Crazy Yiuf
 13709 | D:8      | Reached XP level 9. HP: 59/62 MP: 16/19
 13758 | D:8      | Learned a level 3 spell: Confusing Touch
 14473 | D:8      | Reached skill level 5 in Short Blades
 14637 | D:8      | Identified the +1 chain mail of Xigamuz {Rampage Int+4
                  | Dex+3}
 15277 | D:9      | Reached skill level 5 in Ice Magic
 15293 | D:9      | Reached skill level 5 in Spellcasting
 15496 | D:9      | Reached skill level 5 in Conjurations
 15527 | D:9      | Reached XP level 10. HP: 52/69 MP: 19/21
 15529 | D:9      | Noticed a three-headed hydra
 15558 | D:9      | Killed a three-headed hydra
 16078 | D:9      | Found a staircase to the Orcish Mines.
 16215 | D:9      | Reached skill level 1 in Shields
 16819 | D:10     | Entered Level 10 of the Dungeon
 16846 | D:10     | Noticed Fannar
 17077 | D:10     | Killed Fannar
 17374 | D:10     | HP: 1/67 [wight (7)]
 17374 | D:10     | Slain by a wight

Illustrated notes

Levels and vault maps discovered:
D:1:      psy_arrival_radial01, layout_loops_ring, serial_shops,
          nicolae_shop_behind_doors, nicolae_shop_trees, shop
D:2:      layout_loops_corners, minmay_tetromino_o2
D:3:      layout_basic, portal_sewer_entry_b, serial_shops, nicolae_shop_stone
D:4:      layout_loops_ring, serial_bayou, serial_bayou_pond_d,
          serial_bayou_lagoon_a, serial_bayou_shore_b, serial_bayou_pond_d,
          serial_bayou_shore_b, hex_large
D:5:      layout_cave_pods, serial_column_ruins, column_ruins_corridor_T,
          column_ruins_open_small, column_ruins_columns_dead_end,
          column_ruins_columns_dead_end, column_ruins_corridor_straight,
          nicolae_shop_gadgets, uniq_sigmund, uniq_edmund
D:6:      layout_loops_corners, overflow_temple_1_default,
          minmay_temple_entry_ruins, hangedman_abyss_or_decor_slice,
          kennysheep_decorative_pillar, chequers_serial_rivers_micro_e
D:7:      layout_layer_cave, grunt_temple_overflow_open,
          david_defended_altar_orc, uniq_crazy_yiuf_cottage
D:8:      layout_loops_cross
D:9:      layout_irregular_city, mainiacjoe_overflow_tiny_flanked, orc_0_dummy,
          hangedman_ranch
D:10:     layout_loops_ring, uniq_fannar, uniq_nergalle, uniq_grum

Skill      XL: |  1  2  3  4  5  6  7  8  9 10 |
---------------+-------------------------------+-----
Short Blades   | 1 2 3 4 5 6 |  6.0
Dodging        | 2 3 4 |  4.4
Spellcasting   | 2 3 4 5 |  5.6
Stealth        | 3 4 5 6 |  6.9
Hexes          | 3 4 5 6 |  6.5
Ice Magic      | 1 2 3 4 5 |  5.7
Conjurations   | 1 2 3 4 5 |  5.6
Armour         | 1 |  1.1
Shields        | 1 |  1.8

Action                   |  1- 3 |  4- 6 |  7- 9 | 10-12 || total
-------------------------+-------+-------+-------+-------++-------
Melee: Dagger            |   226 |   374 |   269 |    90 ||   959
Throw: Dart              |     1 |       |    11 |       ||    12
 Cast: Ensorcelled Hiber |       |    35 |    42 |     4 ||    81
       Dazzling Flash    |       |     1 |     5 |     6 ||    12
       Frozen Ramparts   |       |     2 |    15 |     5 ||    22
       Confusing Touch   |       |       |     1 |     5 ||     6
Evoke: Wand              |       |       |     1 |       ||     1
  Use: Scroll            |       |     3 |    12 |       ||    15
       Potion            |       |       |       |     1 ||     1
 Stab: Sleeping          |    12 |    21 |    24 |     5 ||    62
       Invisible         |       |     1 |     1 |     6 ||     8
       Distracted        |       |     1 |       |       ||     1
       Confused          |       |       |     1 |     4 ||     5
Armor: Robe              |     6 |       |    61 |     9 ||    76
       Leather armour    |    62 |   100 |       |       ||   162
       Ring mail         |       |       |    15 |       ||    15
Dodge: Dodged            |   148 |   246 |   125 |    69 ||   588

Table legend: (Time is in decaauts)
 A = Elapsed time spent in this place.
 B = Non-inter-level travel time spent in this place.
 C = Inter-level travel time spent in this place.
 D = Time resting spent in this place.
 E = Time spent auto-exploring this place.
 F = Levels seen in this place.
 G = Mean time per level.
                   A        B        C        D        E       F      G
               +--------+--------+--------+--------+--------+-----+--------+
         Total |  17343 |  16869 |    474 |   4662 |   9400 |  11 | 1576.6 |
       Dungeon |  14900 |  14426 |    474 |   3177 |   9020 |  10 | 1490.0 |
         Sewer |   2442 |   2442 |      0 |   1485 |    379 |   1 | 2442.0 |
               +--------+--------+--------+--------+--------+-----+--------+

Top non-repeatable levels by time:
   Sewer: 2442 daAuts
     D:7: 2082 daAuts
     D:1: 1761 daAuts
     D:9: 1732 daAuts
     D:4: 1726 daAuts
     D:8: 1576 daAuts
     D:2: 1534 daAuts
     D:5: 1484 daAuts
     D:6: 1352 daAuts
     D:3: 1289 daAuts
    D:10: 361 daAuts
